 Dungeon Sprint DCSS version 0.29-a0-1027-gcd8c55af63 (webtiles) character file.

Game seed: 11866747590433441232

4517 mhtbhm the Imperceptible (level 10, -3/53 HPs)
             Began as a Spriggan Brigand on Aug 13, 2022.
             Was a High Priest of Dithmenos.
             Slain by Donald
             ... wielding a +2 war axe of holy wrath
              (27 damage)
             ... in the Dungeon (Sprint III: "The Ten Rune Challenge").
             The game lasted 00:05:06 (1432 turns).

mhtbhm the Imperceptible (Spriggan Brigand)         Turns: 1432, Time: 00:05:07

Health: -3/53      AC:  3    Str:  7    XL:     10   Next: 16%
Magic:  18/18      EV: 20    Int: 12    God:    Dithmenos [*****.]
Gold:   35         SH:  0    Dex: 22    Spells: 9/9 levels left

rFire   . . .      SeeInvis +   a - +2 dagger
rCold   . . .      Faith    .   (no shield)
rNeg    . . .      Spirit   .   b - +0 robe
rPois   .          Reflect  .   (helmet restricted)
rElec   .          Harm     .   c - +0 cloak
rCorr   .          Rampage  .   (gloves unavailable)
Will    +....      NoTele   +   (boots unavailable) Stlth *****+++++
                                (no amulet)
HPRegen 0.17/turn               (no ring)
MPRegen 0.16/turn               (no ring)

@: mighty, wreathed by umbra, very quick
A: very small, no large weapons, unfitting armour, see invisible, speed 3
a: Renounce Religion, Shadow Step, Shadow Form


You were in the Dungeon.
You worshipped Dithmenos.
Dithmenos was extremely pleased with you.
You visited 1 branch You collected 35 gold pieces.

Inventory:

Hand Weapons
 a - a +2 dagger (weapon)
Missiles
 d - 8 poisoned darts
 e - 8 curare-tipped darts (quivered)
Armour
 b - a +0 robe (worn)
 c - a +0 cloak (worn)
Wands
 g - a wand of iceblast (5)
Scrolls
 l - 2 scrolls of immolation {unknown}
 m - 4 scrolls of identify
Potions
 f - 2 potions of curing
 i - 2 potions of magic
 n - a potion of cancellation {unknown}
 o - 2 potions of flight
 p - 5 potions of mutation
Miscellaneous
 r - a box of beasts


   Skills:
 + Level 5.9 Fighting
 + Level 8.9 Short Blades
 + Level 9.7 Throwing
 + Level 4.7 Dodging
 + Level 24.7 Stealth
 * Level 9.5 Invocations
 + Level 4.8 Evocations


You had 9 spell levels left.
You didn't know any spells.
Your spell library contained the following spells:

 Spells                   Type           Power      Damage    Failure   Level
 Dazzling Flash           Conj/Hex       0%         N/A       69%         3
 Iskenderun's Mystic Bla  Conj/Tloc      0%         2d3       97%         4
 Starburst                Conj/Fire      0%         6d3       100%        6


Dungeon Overview and Level Annotations

Branches:
Dungeon (1/1)

Altars:
Cheibriados
Dithmenos
Elyvilon
Fedhas
Gozag
Hepliaklqana
Kikubaaqudgha
Makhleb
Nemelex Xobeh
Okawaru
Qazlal
Ru
Sif Muna
Trog
Uskayaw
Vehumet
Wu Jian
Xom
Yredelemnul
Zin
The Shining One
Jiyva
Lugonu

Annotations:
D Donald


Innate Abilities, Weirdness & Mutations

You are very small and have problems with some larger weapons.
You are too small for most types of armour.
You have supernaturally acute eyesight. (SInv)
You cover ground extremely quickly. (Speed+++)


Message History

You start waiting.
Donald is nearby!
Donald blocks your attack.
You catch the helpless Donald completely off-guard!
You perforate Donald like a sieve!!!
Donald is severely wounded.
Donald misses you.
You feel very mighty all of a sudden.
Donald hits you with a +2 war axe of holy wrath!!
You emit a cloud of dark smoke.
Unknown command.
Donald blocks your attack.
Donald is severely wounded.
Donald blocks your shadow's attack.
You hit Donald.
Donald is severely wounded.
Donald gestures wildly while chanting.
Donald seems to speed up.
You hit Donald.
Donald is severely wounded.
Donald hits you with a +2 war axe of holy wrath.
Unknown command.
Donald casts a spell.
Donald seems to grow stronger.
Throw: 10 darts (curare)
Press: ? - help, Q - select action, (/) - cycle Shift-Dir - straight line, f - Donald
Aim: Donald, wielding a +2 war axe of holy wrath, wearing a +0 scale mail and wearing a +2 kite shield of reflection (black smoke, severely wounded, fast, strong, reflecting blocked projectiles, umbra, 75% to hit)
You throw a curare-tipped dart.
Donald reflects the curare-tipped dart off his +2 kite shield of reflection!
The curare-tipped dart completely misses you.
Unknown command.
Throw: 9 darts (curare)
Press: ? - help, Q - select action, (/) - cycle Shift-Dir - straight line, f/p - Donald
Aim: Donald, wielding a +2 war axe of holy wrath, wearing a +0 scale mail and wearing a +2 kite shield of reflection (black smoke, severely wounded, fast, strong, reflecting blocked projectiles, umbra, 75% to hit)
You throw a curare-tipped dart.
Donald reflects the curare-tipped dart off his +2 kite shield of reflection!
The curare-tipped dart misses you.
Donald hits you with a +2 war axe of holy wrath!!
Ouch! That really hurt!
You die...

.#...#..#..##.)'.......#
▓▓▓▓▓▓▓▓▓▓▓▓▓▓▓#.....^.#
~........~~~...#..^..^.#
≈≈≈≈≈≈≈≈≈≈≈♣♣P.'..^...^#
♣♣♣♣♣♣♣♣♣♣♣♣♣PP#.^.....#
♣♣♣##§########
#§§§§.≈§§≈# #§§§#.≈≈≈≈
#@@§# #≈≈≈ ##### ≈≈


You could see Donald (fast, strong, reflecting).

Vanquished Creatures
  Frances (D)
  Erolcha (D)
  A deep elf pyromancer (D)
  A shadow (D)
  2 redbacks (D)
  A spatial vortex (D)
  5 two-headed ogres (D)
  A water elemental (D)
  A necrophage (D)
  A jelly (D)
  A wizard (D)
  Jessica (D)
  A necromancer (D)
  3 humans (D)
  A kobold demonologist (D)
  A wolf (D)
  An endoplasm (D)
  2 rats (D)
26 creatures vanquished.

Vanquished Creatures (collateral kills)
  3 wandering mushrooms (D)
3 creatures vanquished.

Grand Total: 29 creatures vanquished

Notes
Turn   | Place    | Note
-------+----------+-------------------------------------------
     0 | D        | mhtbhm the Spriggan Brigand began the quest for the Orb.
     0 | D        | Reached XP level 1. HP: 10/10 MP: 2/2
     5 | D        | Reached skill level 6 in Stealth
    13 | D        | Noticed Jessica
    16 | D        | Reached skill level 7 in Stealth
    23 | D        | Killed Jessica
    24 | D        | Reached skill level 10 in Stealth
    24 | D        | Reached XP level 2. HP: 6/15 MP: 3/3
    24 | D        | Reached XP level 3. HP: 8/18 MP: 4/4
   493 | D        | Reached skill level 11 in Stealth
   541 | D        | Noticed a water elemental
   544 | D        | Killed a water elemental
   545 | D        | Reached skill level 13 in Stealth
   545 | D        | Reached XP level 4. HP: 23/23 MP: 5/5
   555 | D        | Found a shadowy altar of Dithmenos.
   555 | D        | Noticed a necrophage
   556 | D        | Found a basalt altar of Yredelemnul.
   556 | D        | Found a sacrificial altar of Ru.
   558 | D        | Reached skill level 14 in Stealth
   558 | D        | Reached XP level 5. HP: 27/27 MP: 6/6
   560 | D        | Became a worshipper of Dithmenos the Shadowed
   562 | D        | Reached skill level 15 in Stealth
   579 | D        | Found a radiant altar of Vehumet.
   580 | D        | Found a shimmering blue altar of Sif Muna.
   580 | D        | Found an ancient bone altar of Kikubaaqudgha.
   593 | D        | Reached * piety under Dithmenos
   594 | D        | Reached skill level 1 in Invocations
   750 | D        | Found a glowing silver altar of Zin.
   751 | D        | Found a glowing golden altar of the Shining One.
   751 | D        | Found a white marble altar of Elyvilon.
   751 | D        | Noticed a deep elf pyromancer
   753 | D        | Killed a deep elf pyromancer
   754 | D        | Reached skill level 5 in Short Blades
   754 | D        | Reached skill level 18 in Stealth
   754 | D        | Reached XP level 6. HP: 33/33 MP: 6/10
   754 | D        | Reached XP level 7. HP: 37/37 MP: 6/11
   801 | D        | Found a hide-covered altar of Uskayaw.
   801 | D        | Found an iron altar of Okawaru.
   802 | D        | Found a bloodstained altar of Trog.
   802 | D        | Found an ornate altar of the Wu Jian Council.
   802 | D        | Noticed a human
   802 | D        | Noticed a human
   804 | D        | Killed a human
   805 | D        | Reached skill level 19 in Stealth
   805 | D        | Reached skill level 5 in Invocations
   805 | D        | Killed a human
   805 | D        | Reached ** piety under Dithmenos
   822 | D        | Noticed a shadow
   824 | D        | Killed a shadow
   825 | D        | Reached skill level 20 in Stealth
   825 | D        | Reached XP level 8. HP: 42/42 MP: 13/13
   830 | D        | Found a blossoming altar of Fedhas.
   830 | D        | Found a stormy altar of Qazlal.
   831 | D        | Found a snail-covered altar of Cheibriados.
   831 | D        | Found a burning altar of Makhleb.
   831 | D        | Found a hazy altar of Hepliaklqana.
   831 | D        | Found a shimmering altar of Xom.
   831 | D        | Found an opulent altar of Gozag.
   831 | D        | Found a sparkling altar of Nemelex Xobeh.
   831 | D        | Found a corrupted altar of Lugonu.
   831 | D        | Found a viscous altar of Jiyva.
   863 | D        | Reached *** piety under Dithmenos
   864 | D        | Reached skill level 21 in Stealth
  1100 | D        | Noticed a two-headed ogre
  1103 | D        | Killed a two-headed ogre
  1104 | D        | Reached skill level 1 in Evocations
  1107 | D        | Noticed a two-headed ogre
  1107 | D        | Noticed Erolcha
  1109 | D        | Killed Erolcha
  1110 | D        | Reached skill level 5 in Fighting
  1110 | D        | Reached skill level 22 in Stealth
  1110 | D        | Reached XP level 9. HP: 47/47 MP: 13/15
  1110 | D        | Killed a two-headed ogre
  1110 | D        | Reached **** piety under Dithmenos
  1111 | D        | Reached skill level 23 in Stealth
  1148 | D        | Noticed a wandering mushroom
  1152 | D        | Noticed a wandering mushroom
  1168 | D        | Killed a wandering mushroom
  1171 | D        | Noticed a wandering mushroom
  1185 | D        | Killed a wandering mushroom
  1185 | D        | Reached ***** piety under Dithmenos
  1204 | D        | Killed a wandering mushroom
  1205 | D        | Reached skill level 24 in Stealth
  1219 | D        | Noticed Frances
  1219 | D        | Noticed Donald
  1221 | D        | Noticed a sun demon
  1268 | D        | Killed Frances
  1269 | D        | Reached XP level 10. HP: 31/53 MP: 16/18
  1432 | D        | Slain by Donald

Illustrated notes

Levels and vault maps discovered:
D:        dungeon_sprint_mu [sprint_mu_entry_forest, sprint_mu_temple_rooms,
          sprint_mu_d1_spiders, sprint_mu_d2_genie, sprint_mu_d3_branching,
          sprint_mu_orc_legion, sprint_mu_elf_gauntlet, sprint_mu_hive_nellie,
          sprint_mu_lair_fedhas, sprint_mu_vaults_butterflies,
          sprint_mu_slime_circle, sprint_mu_shoals_kraken,
          sprint_mu_snake_twists, sprint_mu_blade_basic,
          sprint_mu_crypt_fortress, sprint_mu_tomb_spiral,
          sprint_mu_vestibule_basic, sprint_mu_gehenna_hellfire,
          sprint_mu_dis_giant, sprint_mu_tartarus_statrot,
          sprint_mu_cocytus_islands, sprint_mu_zot1]

Skill      XL: |  1  2  3  4  5  6  7  8  9 |
---------------+----------------------------+-----
Stealth        | 10 13 14 18 20 22 24 | 24.7
Fighting       | 2 4 5 |  5.9
Short Blades   | 3 5 6 7 8 |  8.9
Throwing       | 3 4 6 8 9 |  9.7
Dodging        | 3 4 |  4.7
Invocations    | 4 5 7 9 |  9.5
Evocations     | 2 4 |  4.8

Action                   |  1- 3 |  4- 6 |  7- 9 | 10-12 || total
-------------------------+-------+-------+-------+-------++-------
Melee: Dagger            |    14 |    13 |    22 |     4 ||    53
Throw: Dart              |     9 |       |    17 |     2 ||    28
Evoke: Wand              |       |       |    11 |       ||    11
       Box of beasts     |       |       |     3 |       ||     3
  Use: Potion            |       |     2 |     2 |     1 ||     5
       Scroll            |       |       |     1 |       ||     1
 Stab: Sleeping          |     3 |     3 |    10 |       ||    16
       Distracted        |       |       |     1 |     1 ||     2
Dodge: Dodged            |     1 |     3 |     6 |     3 ||    13

Table legend: (Time is in decaauts)
 A = Elapsed time spent in this place.
 B = Non-inter-level travel time spent in this place.
 C = Inter-level travel time spent in this place.
 D = Time resting spent in this place.
 E = Time spent auto-exploring this place.
 F = Levels seen in this place.
 G = Mean time per level.
                   A        B        C        D        E       F      G
               +--------+--------+--------+--------+--------+-----+--------+
         Total |   1273 |   1273 |      0 |    871 |      0 |   1 | 1273.0 |
       Dungeon |   1273 |   1273 |      0 |    871 |      0 |   1 | 1273.0 |
               +--------+--------+--------+--------+--------+-----+--------+

Top non-repeatable levels by time:
       D: 1273 daAuts
